 Dungeon Crawl Stone Soup version 0.22.0-49-gab54619674 (webtiles) character file.

56 Gargoyl the Skirmisher (level 3, 20/24 HPs)
             Began as a Centaur Abyssal Knight on Aug 24, 2018.
             Was a Follower of Lugonu.
             Quit the game on level 2 of the Dungeon on Sept 8, 2018.
             The game lasted 00:04:03 (1270 turns).

Gargoyl the Skirmisher (Centaur Abyssal Knight)     Turns: 1270, Time: 00:04:03

Health: 20/24      AC:  7    Str: 14    XL:     3   Next: 69%
Magic:  4/4        EV:  8    Int: 11    God:    Lugonu [*.....]
Gold:   93         SH:  0    Dex:  9    Spells: 2/2 levels left

rFire    . . .     SeeInvis .   a - +1 hand axe
rCold    . . .     Gourm    .   (no shield)
rNeg     . . .     Faith    .   d - +0 ring mail
rPois    .         Spirit   +   (no helmet)
rElec    .         Reflect  .   (no cloak)
rCorr    .         Harm     .   e - +1 pair of gloves
MR       .....     Rnd*Rage +   (no barding)
Stlth    ..........             m - amulet of guardian spirit
HPRegen  0.08/turn              (no ring)
MPRegen  0.09/turn              (no ring)

@: very quick
A: large, hooves 3, [berserk 2], deformed body, speed 2, [frail 2], tough skin 3
a: Depart the Abyss, Renounce Religion


You were on level 2 of the Dungeon.
You worshipped Lugonu.
Lugonu was aware of your devotion.
You were hungry.

You visited 1 branch of the dungeon, and saw 2 of its levels.
You visited the Abyss 1 time.

You collected 93 gold pieces.

Inventory:

Hand Weapons
 a - a +1 hand axe (weapon)
Missiles
 i - 2 tomahawks (quivered)
Armour
 d - a +0 ring mail (worn)
 e - a +1 pair of gloves (worn)
Jewellery
 f - an uncursed amulet of magic regeneration
 m - an amulet of guardian spirit (around neck)
Scrolls
 b - a scroll of remove curse
 g - a scroll of identify
 n - a scroll of fog {unknown}
 o - a scroll of random uselessness {unknown}
Potions
 h - a potion of berserk rage {unknown}
 j - a potion of mutation {unknown}
 k - a potion of haste {unknown}
 l - a potion of curing {unknown}
Comestibles
 c - 5 rations


   Skills:
 + Level 3.5 Fighting
 + Level 2.6 Axes
 + Level 1.6 Armour
 + Level 0.7 Dodging
 + Level 2.5 Invocations


You had 2 spell levels left.
You didn't know any spells.
Your spell library was empty.

Dungeon Overview and Level Annotations

Branches:
Dungeon (2/15)

Altars:
Cheibriados


Innate Abilities, Weirdness & Mutations

You have hooves in place of feet.
Armour fits poorly on your strangely shaped body.
You cover ground very quickly.
You have extremely tough skin. (AC +3)
[You often lose your temper in combat.]
[You are very frail. (-20% HP)]


Message History

Found a ration.
The giant cockroach barely misses you.
You hit the giant cockroach.
The giant cockroach is heavily wounded.
The giant cockroach bites you.
You hit the giant cockroach.
You kill the giant cockroach!
Lugonu accepts your kill.
You are feeling hungry.
c - 5 rations (gained 1)
You open the door.
There is an open door here.
Found a hunting sling.
You open the door.
There is an open door here.
You open the door.
Found 29 sling bullets.
There is an open door here.
Okay, then.
Are you sure you want to abandon this character and quit the game? (Confirm

#.####### ###..##.####.........
#.###### ##.#...###.........
#......# .......#.........
##.....# ......#.........
##.....###### .(....#.........
#'.....+....# #......#.........
##.....####'#####......#########.
#..............#...# ##
#..............@...# #
#..............#...# #
######...).....#...### #
#............>..# #
#.............### #
#..........##..†#### ### ##
#..........####.##8###⌠###8
#..........# ##'...........
#..........# #.............


There were no monsters in sight!

Vanquished Creatures
  An ooze (D:2)
  3 worms (D:2)
  A dart slug (D:1)
  6 bats
  3 giant cockroaches
  6 goblins
  4 hobgoblins
  2 jackals (D:1)
  4 kobolds (D:1)
  A ball python (D:1)
  3 frilled lizards
  7 rats
41 creatures vanquished.

Notes
Turn   | Place    | Note
-------+----------+-------------------------------------------
     0 | Abyss:1  | Gargoyl the Centaur Abyssal Knight began the quest for the
                  | Orb.
     0 | Abyss:1  | Reached XP level 1. HP: 19/19 MP: 2/2
    44 | Abyss:1  | Noticed a wretched star
    91 | D:1      | Escaped the Abyss
   105 | D:1      | Upgraded the game from 0.22.0-35-ge4bf2f5f59 to
                  | 0.22.0-49-gab54619674
   325 | D:1      | Reached XP level 2. HP: 17/20 MP: 3/3
   333 | D:1      | Reached * piety under Lugonu
   750 | D:1      | Reached XP level 3. HP: 24/24 MP: 4/4
  1186 | D:2      | Found a snail-covered altar of Cheibriados.
  1270 | D:2      | Quit the game

Skill      XL: |  1  2 |
---------------+-------+-----
Axes           | 2 |  2.6
Fighting       | |  3.5
Armour         | |  1.6
Dodging        | |  0.7
Invocations    | |  2.5

Action                   || total
-------------------------++-------
Melee: Hand axe          ||    91
       Kick              ||    20
Invok: Depart the Abyss  ||     1
  Use: Scroll            ||     4
Armor: Ring mail         ||    55
Dodge: Dodged            ||    61
